EL
MIDLAND ROCKHOUNDS @ CHATTANOOGA LOOKOUTS
08/16/2048
 
TOP OF THE 1ST
Midland RockHounds batting - Pitching for Chattanooga Lookouts : LHP Kazuo Nishihara
Pitching: LHP Kazuo Nishihara
Batting: RHB Jonathan Ellis 0-0: Ball
1-0: Fly out, F4 (Line Drive, 4, EV 64.4 MPH)
Batting: RHB Matt Sherard 0-0: SINGLE (Groundball, 6D, EV 107.5 MPH)
Batting: RHB Jonathan Gallup 0-0: Called Strike
0-1: Foul Ball, location: 2F
0-2: Ball
1-2: Foul Ball, location: 2F
1-2: Grounds into double play, 6-4-3 (Groundball, 6, EV 110.6 MPH)
Top of the 1st over - 0 runs, 1 hit, 0 errors, 0 left on base; Midland 0 - Chattanooga 0
BOTTOM OF THE 1ST
Chattanooga Lookouts batting - Pitching for Midland RockHounds : LHP Bobby Carroll
Pitching: LHP Bobby Carroll
Batting: SHB Matt Urbani 0-0: Called Strike
0-1: Called Strike
0-2: Ball
1-2: Ball
2-2: Foul Ball, location: 2F
2-2: Ground out 6-3 (Groundball, 6, EV 76.2 MPH)
Batting: RHB John Dew 0-0: DOUBLE (Line Drive, 9LD, EV 104.4 MPH)
Batting: RHB Leo Gonzalez 0-0: Ball
1-0: Ball
2-0: Ball
3-0: Called Strike
3-1: Foul Ball, location: 2F
3-2: Ground out U3 (Groundball, 3, EV 100.6 MPH)
John Dew to third
Batting: LHB Marshall Daul 0-0: Ball
1-0: Ball
2-0: Called Strike
2-1: Foul Ball, location: 2F
2-2: Strikes out swinging
Bottom of the 1st over - 0 runs, 1 hit, 0 errors, 1 left on base; Midland 0 - Chattanooga 0
TOP OF THE 2ND
Midland RockHounds batting - Pitching for Chattanooga Lookouts : LHP Kazuo Nishihara
Batting: RHB Micah Roth 0-0: Swinging Strike
0-1: Called Strike
0-2: Strikes out swinging
Batting: RHB Todd Vanasco 0-0: Ball
1-0: Ball
2-0: Called Strike
2-1: Ball
3-1: Foul Ball, location: 2F
3-2: Fly out, F4 (Popup, 4M, EV 61.2 MPH)
Batting: RHB Roger Simmons 0-0: Called Strike
0-1: Ball
1-1: Fly out, F7 (Flyball, 7LSF, EV 79.4 MPH)
Top of the 2nd over - 0 runs, 0 hits, 0 errors, 0 left on base; Midland 0 - Chattanooga 0
BOTTOM OF THE 2ND
Chattanooga Lookouts batting - Pitching for Midland RockHounds : LHP Bobby Carroll
Batting: LHB Jon Ventura 0-0: Swinging Strike
0-1: Ball
1-1: Ball
2-1: Called Strike
2-2: Strikes out looking
Batting: RHB Nick Phipps 0-0: Called Strike
0-1: Foul Ball, location: 2F
0-2: Foul Ball, location: 2F
0-2: Ball
1-2: Strikes out looking
Batting: RHB Graham Calvert 0-0: Called Strike
0-1: Ball
1-1: Foul Ball, location: 2F
1-2: Strikes out swinging
Bottom of the 2nd over - 0 runs, 0 hits, 0 errors, 0 left on base; Midland 0 - Chattanooga 0
TOP OF THE 3RD
Midland RockHounds batting - Pitching for Chattanooga Lookouts : LHP Kazuo Nishihara
Batting: RHB David Sharp 0-0: Ball
1-0: Ball
2-0: SINGLE (Flyball, 7S, EV 91.9 MPH)
Batting: RHB Manny Moron 0-0: Ball
1-0: Foul Ball, location: 2F
1-1: Foul Ball, location: 2F
1-2: Strikes out swinging
Batting: RHB Moses Brokken 0-0: Fly out, F8 (Flyball, 8RXD, EV 85.6 MPH)
Batting: RHB Jonathan Ellis 0-0: Ball
1-0: Called Strike
1-1: DOUBLE (Groundball, 3L, EV 95.0 MPH)
David Sharp to third
Runner from 3rd tries for Home, throw by RF and OUT! 9-4-2
Top of the 3rd over - 0 runs, 2 hits, 0 errors, 1 left on base; Midland 0 - Chattanooga 0
BOTTOM OF THE 3RD
Chattanooga Lookouts batting - Pitching for Midland RockHounds : LHP Bobby Carroll
Batting: RHB David Nardone 0-0: Called Strike
0-1: Ball
1-1: Ball
2-1: Ball
3-1: Base on Balls
Batting: RHB Jose Gracia 0-0: Ball
1-0: Ball
2-0: Called Strike
2-1: Called Strike
2-2: Strikes out swinging
Batting: SHB Matt Urbani 0-0: Ball
1-0: Foul Ball, location: 2F
1-1: Ball
2-1: Swinging Strike
2-2: Foul Ball, location: 2F
2-2: Strikes out swinging
Batting: RHB John Dew 0-0: Ball
1-0: Called Strike
1-1: Called Strike
1-2: Ball
2-2: Strikes out looking
Bottom of the 3rd over - 0 runs, 0 hits, 0 errors, 1 left on base; Midland 0 - Chattanooga 0
TOP OF THE 4TH
Midland RockHounds batting - Pitching for Chattanooga Lookouts : LHP Kazuo Nishihara
Batting: RHB Matt Sherard 0-0: Foul Ball, location: 2F
0-1: Ground out 5-3 (Groundball, 56, EV 94.4 MPH)
Batting: RHB Jonathan Gallup 0-0: Ball
1-0: Called Strike
1-1: Ball
2-1: Ball
3-1: Foul Ball, location: 2F
3-2: Foul Ball, location: 2F
3-2: Base on Balls
Batting: RHB Micah Roth 0-0: Grounds into double play, 4-6-3 (Groundball, 4, EV 80.0 MPH)
Top of the 4th over - 0 runs, 0 hits, 0 errors, 0 left on base; Midland 0 - Chattanooga 0
BOTTOM OF THE 4TH
Chattanooga Lookouts batting - Pitching for Midland RockHounds : LHP Bobby Carroll
Batting: RHB Leo Gonzalez 0-0: Ball
1-0: Reached on error, E6 (Groundball, 6, EV 98.1 MPH)
Batting: LHB Marshall Daul 0-0: Ball
1-0: Called Strike
1-1: Foul Ball, location: 2F
1-2: Ball
2-2: Strikes out swinging
Batting: LHB Jon Ventura 0-0: Fielders Choice at 2nd, 1-4 (Groundball, 15, EV 69.4 MPH)
Batting: RHB Nick Phipps 0-0: Ball
1-0: Called Strike
1-1: SINGLE (Line Drive, 6M, EV 95.6 MPH)
Jon Ventura to second
Batting: RHB Graham Calvert 0-0: Ball
1-0: Called Strike
1-1: Called Strike
1-2: Strikes out swinging
Bottom of the 4th over - 0 runs, 1 hit, 1 error, 2 left on base; Midland 0 - Chattanooga 0
TOP OF THE 5TH
Midland RockHounds batting - Pitching for Chattanooga Lookouts : LHP Kazuo Nishihara
Batting: RHB Todd Vanasco 0-0: Ground out 1-3 (Groundball, P, EV 69.4 MPH)
Batting: RHB Roger Simmons 0-0: Ball
1-0: Ball
2-0: Ball
3-0: Called Strike
3-1: Fly out, F8 (Line Drive, 8LD, EV 87.5 MPH)
Batting: RHB David Sharp 0-0: Ball
1-0: Ball
2-0: Called Strike
2-1: SOLO HOME RUN (Flyball, 7D, EV 103.8 MPH), Distance : 375 ft
Batting: RHB Manny Moron 0-0: Swinging Strike
0-1: Fly out, F8 (Flyball, 8LS, EV 88.8 MPH)
Top of the 5th over - 1 run, 1 hit, 0 errors, 0 left on base; Midland 1 - Chattanooga 0
BOTTOM OF THE 5TH
Chattanooga Lookouts batting - Pitching for Midland RockHounds : LHP Bobby Carroll
Batting: RHB David Nardone 0-0: Called Strike
0-1: Ball
1-1: Ground out 5-3 (Groundball, 5, EV 89.4 MPH)
Batting: RHB Jose Gracia 0-0: Foul Ball, location: 2F
0-1: Foul Ball, location: 2F
0-2: Fly out, F6 (Line Drive, 6, EV 63.8 MPH)
Batting: SHB Matt Urbani 0-0: Ball
1-0: Foul Ball, location: 2F
1-1: Ball
2-1: Ball
3-1: Foul Ball, location: 2F
3-2: Foul Ball, location: 2F
3-2: SINGLE (Groundball, 6MD, EV 101.2 MPH)
Batting: RHB John Dew 0-0: Called Strike
Matt Urbani is caught stealing 2nd base 2-4
Bottom of the 5th over - 0 runs, 1 hit, 0 errors, 0 left on base; Midland 1 - Chattanooga 0
TOP OF THE 6TH
Midland RockHounds batting - Pitching for Chattanooga Lookouts : LHP Kazuo Nishihara
Batting: RHB Moses Brokken 0-0: Ball
1-0: Ball
2-0: Swinging Strike
2-1: Called Strike
2-2: DOUBLE (Line Drive, 7LM, EV 105.6 MPH)
Pinch Runner at 2nd Larry Clark:
Batting: RHB Jonathan Ellis 0-0: Called Strike
0-1: Ball
1-1: Ball
2-1: Ball
3-1: Fly out, F3 (Popup, 3S, EV 84.4 MPH)
Batting: RHB Matt Sherard 0-0: Called Strike
Larry Clark steals 3rd base
0-1: Ground out 6-3 (Groundball, 6, EV 103.8 MPH)
Batting: RHB Jonathan Gallup 0-0: Ball
1-0: Fly out, F8 (Flyball, 89M, EV 83.8 MPH)
Top of the 6th over - 0 runs, 1 hit, 0 errors, 1 left on base; Midland 1 - Chattanooga 0
BOTTOM OF THE 6TH
Chattanooga Lookouts batting - Pitching for Midland RockHounds : LHP Bobby Carroll
Now at 2B: Larry Clark
Now in RF: Jonathan Ellis
Batting: RHB John Dew 0-0: Ball
1-0: Ball
2-0: Ball
3-0: Called Strike
3-1: Foul Ball, location: 2F
3-2: Foul Ball, location: 2F
3-2: Base on Balls
Batting: RHB Leo Gonzalez 0-0: Ball
1-0: Ball
2-0: Ball
3-0: Called Strike
3-1: Fly out, F4 (Line Drive, 4, EV 72.5 MPH)
Pitching: RHP Caleb Hansberger
Batting: LHB Marshall Daul 0-0: Called Strike
0-1: Foul Ball, location: 2F
0-2: Ball
1-2: Ball
2-2: Fielders Choice at 2nd, 1-6 (Groundball, 13S, EV 76.2 MPH)
Batting: LHB Jon Ventura 0-0: Called Strike
0-1: Ball
1-1: Ball
2-1: Ground out 6-3 (Groundball, 6MS, EV 72.5 MPH)
Bottom of the 6th over - 0 runs, 0 hits, 0 errors, 1 left on base; Midland 1 - Chattanooga 0
TOP OF THE 7TH
Midland RockHounds batting - Pitching for Chattanooga Lookouts : LHP Kazuo Nishihara
Batting: RHB Micah Roth 0-0: Called Strike
0-1: Fly out, F8 (Flyball, 8LD, EV 94.4 MPH)
Batting: RHB Todd Vanasco 0-0: Ball
1-0: Foul Ball, location: 2F
1-1: Ball
2-1: Called Strike
2-2: Ball
3-2: Fly out, F4 (Popup, 4MD, EV 50.6 MPH)
Batting: RHB Roger Simmons 0-0: Ground out 5-3 (Groundball, 56, EV 81.9 MPH)
Top of the 7th over - 0 runs, 0 hits, 0 errors, 0 left on base; Midland 1 - Chattanooga 0
BOTTOM OF THE 7TH
Chattanooga Lookouts batting - Pitching for Midland RockHounds : RHP Caleb Hansberger
Batting: RHB Nick Phipps 0-0: Called Strike
0-1: Ball
1-1: Ball
2-1: Foul Ball, location: 2F
2-2: SINGLE (Groundball, 56S, EV 63.1 MPH) (infield hit)
Batting: RHB Graham Calvert 0-0: Ball
1-0: Bunted foul
1-1: Bunt missed!
1-2: Ball
2-2: Ball
3-2: Strikes out swinging
Nick Phipps steals 2nd base (no throw)
Batter strikes out.
Batting: RHB David Nardone 0-0: Ball
1-0: Called Strike
1-1: Swinging Strike
1-2: Strikes out swinging
Batting: RHB Jose Gracia 0-0: Ball
1-0: Swinging Strike
1-1: Foul Ball, location: 2F
1-2: Ball
2-2: Ground out 2-3 (Groundball, 13S, EV 71.9 MPH)
Bottom of the 7th over - 0 runs, 1 hit, 0 errors, 1 left on base; Midland 1 - Chattanooga 0
TOP OF THE 8TH
Midland RockHounds batting - Pitching for Chattanooga Lookouts : LHP Kazuo Nishihara
Batting: RHB David Sharp 0-0: Swinging Strike
0-1: Foul Ball, location: 2F
0-2: Strikes out swinging
Batting: RHB Manny Moron 0-0: Ball
1-0: Ball
2-0: Ball
3-0: Called Strike
3-1: Base on Balls
Batting: RHB Larry Clark 0-0: Called Strike
0-1: Ball
1-1: Called Strike
1-2: Grounds into double play, 4-6-3 (Groundball, 34, EV 84.4 MPH)
Top of the 8th over - 0 runs, 0 hits, 0 errors, 0 left on base; Midland 1 - Chattanooga 0
BOTTOM OF THE 8TH
Chattanooga Lookouts batting - Pitching for Midland RockHounds : RHP Caleb Hansberger
Pitching: LHP Rich Byrd
Batting: SHB Matt Urbani 0-0: Ball
1-0: Called Strike
1-1: Ball
2-1: Foul Ball, location: 2F
2-2: Strikes out swinging
Batting: RHB John Dew 0-0: Ball
1-0: Called Strike
1-1: Ball
2-1: SOLO HOME RUN (Flyball, 7D, EV 102.5 MPH), Distance : 400 ft
Batting: RHB Leo Gonzalez 0-0: Foul Ball, location: 2F
0-1: Swinging Strike
0-2: Foul Ball, location: 2F
0-2: Ball
1-2: Ball
2-2: Foul Ball, location: 2F
2-2: Foul Ball, location: 2F
2-2: Foul Ball, location: 2F
2-2: Strikes out looking
Batting: LHB Marshall Daul 0-0: Foul Ball, location: 2F
0-1: Ball
1-1: Ball
2-1: Foul Ball, location: 2F
2-2: Strikes out swinging
Bottom of the 8th over - 1 run, 1 hit, 0 errors, 0 left on base; Midland 1 - Chattanooga 1
TOP OF THE 9TH
Midland RockHounds batting - Pitching for Chattanooga Lookouts : LHP Kazuo Nishihara
Batting: RHB Jonathan Ellis 0-0: Ground out 6-3 (Groundball, 4M, EV 100.6 MPH)
Batting: RHB Matt Sherard 0-0: Ball
1-0: Called Strike
1-1: SINGLE (Groundball, 4D, EV 108.1 MPH)
Batting: RHB Jonathan Gallup 0-0: Foul Ball, location: 2F
0-1: Ball
1-1: Foul Ball, location: 2F
1-2: Grounds into double play, 5-4-3 (Groundball, 56S, EV 90.6 MPH)
Top of the 9th over - 0 runs, 1 hit, 0 errors, 0 left on base; Midland 1 - Chattanooga 1
BOTTOM OF THE 9TH
Chattanooga Lookouts batting - Pitching for Midland RockHounds : LHP Rich Byrd
Pitching: RHP John Shutt
Batting: LHB Jon Ventura 0-0: SINGLE (Groundball, 25, EV 73.1 MPH) (infield hit)
Batting: RHB Nick Phipps 0-0: Sac Bunt to P - play at first, batter OUT! 1-3
Jon Ventura to second
Pinch Hitting: LHB David Campbell 0-0: Intentional Walk
Batting: RHB David Nardone 0-0: Ball
1-0: Called Strike
1-1: Ball
2-1: Foul Ball, location: 2F
2-2: Strikes out looking
Batting: RHB Jose Gracia 0-0: Ball
1-0: Called Strike
1-1: Fly out, F7 (Line Drive, 7LS, EV 96.9 MPH)
Bottom of the 9th over - 0 runs, 1 hit, 0 errors, 2 left on base; Midland 1 - Chattanooga 1
TOP OF THE 10TH
Midland RockHounds batting - Pitching for Chattanooga Lookouts : LHP Kazuo Nishihara
Now at C: Michael McDonald
Batting: RHB Micah Roth 0-0: Called Strike
0-1: Ball
1-1: Foul Ball, location: 2F
1-2: Ball
2-2: Strikes out swinging
Batting: RHB Todd Vanasco 0-0: Foul Ball, location: 2F
0-1: Foul Ball, location: 2F
0-2: Ball
1-2: Strikes out swinging
Batting: RHB Roger Simmons 0-0: Ball
1-0: Called Strike
1-1: Swinging Strike
1-2: Fly out, F3 (Line Drive, 3, EV 73.1 MPH)
Top of the 10th over - 0 runs, 0 hits, 0 errors, 0 left on base; Midland 1 - Chattanooga 1
BOTTOM OF THE 10TH
Chattanooga Lookouts batting - Pitching for Midland RockHounds : RHP John Shutt
Batting: SHB Matt Urbani 0-0: Called Strike
0-1: Called Strike
0-2: Ball
1-2: Foul Ball, location: 2F
1-2: Foul Ball, location: 2F
1-2: Ball
2-2: Ground out 4-3 (Groundball, 4, EV 101.9 MPH)
Batting: RHB John Dew 0-0: Ball
1-0: Ball
2-0: Ball
3-0: Called Strike
3-1: Base on Balls
Batting: RHB Leo Gonzalez 0-0: Ball
1-0: Fielders Choice at 2nd, 5-4 (Groundball, 5L, EV 106.2 MPH)
Batting: LHB Marshall Daul 0-0: Ball
1-0: Ball
2-0: Ball
3-0: Base on Balls
Leo Gonzalez to second
Batting: LHB Jon Ventura 0-0: Called Strike
0-1: Ball
1-1: SINGLE (Flyball, 3D, EV 91.9 MPH)
Leo Gonzalez to third
Marshall Daul to second
Runner from 3rd tries for Home, SAFE, throw by RF to home
Bottom of the 10th over - 1 run, 1 hit, 0 errors, 2 left on base; Midland 1 - Chattanooga 2
Tuesday, March 28th , 2023 - OOTP Baseball 23.10 Build 110